 Dungeon Crawl Stone Soup version 0.27-a0-1555-g0e7b3fb1d2 (webtiles) character file.

Game seed: 102736004477709694

116 Zonian the Insei (level 5, -3/33 HPs)
             Began as an Octopode Transmuter on July 15, 2021.
             Killed from afar by an orc wizard (10 damage)
             ... with a magic dart
             ... on level 3 of the Dungeon.
             The game lasted 00:03:33 (3759 turns).

Zonian the Insei (Octopode Transmuter)              Turns: 3759, Time: 00:03:34

Health: -3/33      AC:  1    Str: 15    XL:     5   Next: 1%
Magic:  5/8        EV: 13    Int: 16    God:
Gold:   101        SH:  0    Dex: 13    Spells: 5/8 levels left

rFire    . . .     SeeInvis .   d - +0 short sword
rCold    . . .     Faith    .   (no shield)
rNeg     . . .     Spirit   .   (helmet currently unavailable)
rPois    .         Reflect  .   (no amulet)
rElec    .         Harm     .   c - +6 ring of strength
rCorr    .         Rampage  .   (no ring)
Will     .....                  (no ring)
Stlth    +++.......             (no ring)
HPRegen  0.11/turn              (no ring)
MPRegen  0.11/turn              (no ring)
                                (no ring)
                                (no ring)

@: appendages, wereblooded
A: tentacle spike 3, almost no armour, amphibious, 8 rings, camouflage 1,
gelatinous body 1, (nimble swimmer 1), tentacles
a: End Transformation


You were on level 3 of the Dungeon.
One of your tentacles had grown a beastly spike.
You visited 1 branch of the dungeon, and saw 3 of its levels.

You collected 101 gold pieces.

Inventory:

Hand Weapons
 d - a +0 short sword (weapon)
 l - a +3 vampiric dagger
Jewellery
 c - a +6 ring of strength (left tentacle)
 e - a ring of see invisible
Scrolls
 a - 3 scrolls of silence {unknown}
 b - 3 scrolls of identify {unknown}
 g - a scroll of fog {unknown}
 h - 2 scrolls of summoning {unknown}
Potions
 f - a potion of magic {unknown}
 i - 2 potions of mutation {unknown}
 j - a potion of brilliance {unknown}
 k - 2 potions of heal wounds {unknown}
 m - a potion of cancellation {unknown}
 n - a potion of might {unknown}
 o - a potion of invisibility {unknown}


   Skills:
 + Level 1.2 Fighting
 + Level 1.2 Short Blades
 + Level 2.6 Dodging
 + Level 3.2 Stealth
 + Level 3.7 Unarmed Combat
 + Level 2.2 Spellcasting
 + Level 2.3 Transmutations


You had 5 spell levels left.
You knew the following spells:

 Your Spells              Type           Power      Damage    Failure   Level
a - Beastly Appendage     Tmut           18%        N/A       8%          1
b - Wereblood             Tmut           9%         N/A       12%         2

Your spell library contained the following spells:

 Spells                   Type           Power      Damage    Failure   Level
 Spider Form              Tmut/Pois      2%         N/A       36%         3
 Ice Form                 Ice/Tmut       5%         N/A       77%         4


Dungeon Overview and Level Annotations

Branches:
Dungeon (3/15)

Altars:


Innate Abilities, Weirdness & Mutations

One of your tentacles has grown a beastly spike.
You cannot wear most types of armour.
You are amphibious.
You can wear up to eight rings at the same time.
Your skin changes colour to match your surroundings (Stealth+).
Your rubbery body absorbs attacks. (AC +1, EV +1)
((You are camouflaged near water. (Stealth+)))
You have tentacles for arms and can constrict up to eight enemies at once.


Message History

Found 10 gold pieces.
Grinder comes into view.
Grinder shouts!
You hear a shout!
An orc wizard comes into view. It is wielding a +0 dagger.
Grinder says, "DUCK!"
You see here 10 gold pieces.
There are monsters nearby!
Unknown command.
One of your tentacles grows a vicious spike.
Unknown command.
Casting: Beastly Appendage (safe; 8% risk of failure)
Confirm with . or Enter, or press ? or * to list all spells.
Your blood is infused with primal strength.
An orc comes into view. It is wielding a +0 hand axe.
Unknown command.
You hit Grinder but do no damage. Your grab misses Grinder.
You pierce Grinder.
You squeeze Grinder.
Grinder is lightly wounded.
Grinder hits you!
You writhe in agony.
You hit Grinder. Your grab misses Grinder.
You pierce Grinder!
You squeeze Grinder!
Grinder is severely wounded.
Grinder misses you.
You hit Grinder. You grab Grinder.
You pierce Grinder.
Grinder is severely wounded.
You constrict Grinder. Grinder hits you.
You writhe in agony.
You completely miss Grinder.
You pierce Grinder.
Grinder is almost dead.
You constrict Grinder.
Grinder says, "You look like you could use a good racking."
Grinder gestures at you. Pain shoots through your body!
* * * LOW HITPOINT WARNING * * *
You hit Grinder but do no damage.
Grinder is almost dead.
You constrict Grinder.
You feel a bit better.
You kill Grinder!
The orc wizard points at you and mumbles some strange words.
The magic dart hits you!
You die...

...............
............##..........
#.....#.....##..........
#.....#.....#...........
#.......................
#..o........>..........
#....o..............<..
#............####+####+
#@#####. ........ #.#..
. #....... #.#.#
#....... #.#.###
.......# #.#...#
........ #.#.#.#
.......# #...#.#
........ #.....#
######.... ######.#..##
#.....###.


You could see an orc wizard and an orc.

Vanquished Creatures
  Grinder (D:3)
  4 adders
  2 worms
  2 dart slugs (D:2)
  2 orcs (D:3)
  4 bats (D:1)
  5 endoplasms
  3 giant cockroaches
  6 goblins
  5 hobgoblins
  6 jackals
  9 kobolds
  2 quokkas (D:1)
  4 ball pythons (D:1)
  4 frilled lizards
  5 rats
64 creatures vanquished.

Notes
Turn   | Place    | Note
-------+----------+-------------------------------------------
     0 | D:1      | Zonian the Octopode Transmuter began the quest for the Orb.
     0 | D:1      | Reached XP level 1. HP: 13/13 MP: 3/3
   512 | D:1      | Reached XP level 2. HP: 18/18 MP: 3/5
   573 | D:1      | Found a faded altar of an unknown god.
  1053 | D:1      | Reached XP level 3. HP: 17/23 MP: 6/6
  1056 | D:1      | Learned a level 2 spell: Wereblood
  1204 | D:1      | Reached skill level 1 in Stealth
  2275 | D:2      | Reached XP level 4. HP: 21/28 MP: 7/7
  3253 | D:3      | Reached skill level 1 in Short Blades
  3685 | D:3      | Reached XP level 5. HP: 27/33 MP: 8/8
  3752 | D:3      | Noticed Grinder
  3759 | D:3      | Killed Grinder
  3759 | D:3      | Killed from afar by an orc wizard

Illustrated notes

Levels and vault maps discovered:
D:1:      eino_arrival_water_star, layout_loops_corners,
          chequers_ecumenical_altar_island
D:2:      layout_basic, small_statue_intersection
D:3:      layout_basic, nicolae_overflow_crystal_walls, minmay_misc_feat_five,
          grunt_ministairs_13, uniq_grinder

Skill      XL: |  1  2  3  4 |
---------------+-------------+-----
Stealth        | 1 3 |  3.2
Short Blades   | 1 |  1.2
Fighting       | |  1.2
Dodging        | |  2.6
Unarmed Combat | |  3.7
Spellcasting   | |  2.2
Transmutations | |  2.3

Action                   |  1- 3 |  4- 6 || total
-------------------------+-------+-------++-------
Melee: Unarmed           |    37 |       ||    37
       Constrict         |    20 |    10 ||    30
       Tentacles         |    17 |    10 ||    27
       Kick              |     2 |     6 ||     8
       Punch             |     2 |     1 ||     3
       Short sword       |    46 |    52 ||    98
 Cast: Beastly Appendage |     4 |     4 ||     8
       Wereblood         |       |     1 ||     1
 Stab: Sleeping          |    12 |     6 ||    18
Armor: Skin              |     4 |     1 ||     5
Dodge: Dodged            |    62 |    20 ||    82

Table legend: (Time is in decaauts)
 A = Elapsed time spent in this place.
 B = Non-inter-level travel time spent in this place.
 C = Inter-level travel time spent in this place.
 D = Time resting spent in this place.
 E = Time spent auto-exploring this place.
 F = Levels seen in this place.
 G = Mean time per level.
                   A        B        C        D        E       F      G
               +--------+--------+--------+--------+--------+-----+--------+
         Total |   3763 |   3689 |     74 |   1384 |   1836 |   3 | 1254.3 |
       Dungeon |   3763 |   3689 |     74 |   1384 |   1836 |   3 | 1254.3 |
               +--------+--------+--------+--------+--------+-----+--------+

Top non-repeatable levels by time:
     D:1: 1948 daAuts
     D:3: 947 daAuts
     D:2: 867 daAuts
